Mustangs vs Sewer Rats
Created - April 20, 2020 at 19:21
Goals
|
| Mustangs |
0 |
3 |
0 |
3 |
| Sewer Rats |
2 |
4 |
1 |
7 |
|
Shots
|
| Mustangs |
18 |
13 |
7 |
38 |
| Sewer Rats |
10 |
15 |
5 |
30 |
|
1st period
1. Sewer Rats , Joseph Blandisi 14 (Mark Mancari 53, Jared McCann 9) at 1:24
2. Sewer Rats , Erik Condra 38 (Jonathan Marchessault 45) at 4:21
Penalties :
Andrew O'Brien (Ham) for Tripping (Minor) at 1:27, Joel Edmundson (Tol) for Holding (Minor) at 2:19
2nd period
3. Sewer Rats , Mark Mancari 45 (Stefan Elliott 41) at 1:56
4. Sewer Rats , Mark Mancari 46 (Tomas Tatar 44, Vincent Trocheck 65) at 13:17 (PP)
5. Mustangs , Andreas Martinsen 37 (Josh Jooris 51, Stefan Matteau 36) at 14:07
6. Mustangs , Andreas Martinsen 38 (Stefan Matteau 37) at 15:01
7. Sewer Rats , Mark Mancari 47 (Tomas Tatar 45, Vincent Trocheck 66) at 15:17 (PP)
8. Mustangs , Max Gortz 20 (Sean Monahan 47) at 18:51
9. Sewer Rats , Daniel Carr 30 (Steven Kampfer 46) at 19:01
Penalties :
Stefan Matteau (Ham) for High sticking (Minor) at 13:07, Jonathan Drouin (Ham) for Tripping (Minor) at 15:06
3rd period
10. Sewer Rats , Steven Kampfer 5 (Daniel Carr 30, Marek Mazanek) at 14:37 (PP)
Penalties :
Jarred Tinordi (Tol) for Tripping (Minor) at 1:55, Tomas Tatar (Tol) for High sticking (Minor) at 8:57, Scott Mayfield (Ham) for Holding (Minor) at 13:37, Tomas Tatar (Tol) for Hooking (Minor) at 16:36
Goalie Stats
Anthony Stolarz (Ham), 5 saves from 7 shots - (0.714), 24:43 minutes
Chet Pickard (Ham), 18 saves from 23 shots - (0.783), L, 34-17-4, 35:17 minutes
Marek Mazanek (Tol), 35 saves from 38 shots - (0.921), W, 36-17-5, 60:00 minutes
Players Stats for Mustangs
Player Name G A P +/- PIM S H SB GA TA FO MP PP MP PK MP
------------------------------------------------------------------------------------
Alexei Marchenko 0 0 0 0 0 1 5 3 3 1 0/0 28:01 3:38 2:04
Andreas Martinsen 2 0 2 2 0 6 4 0 1 0 0/0 18:41 3:14 1:53
Andrew O'Brien 0 0 0 -1 2 0 0 3 0 0 0/0 11:43 0:01 0:00
Ben Harpur 0 0 0 0 0 0 1 0 0 0 0/0 19:54 2:19 1:32
Chrstian Dvorak 0 0 0 -1 0 1 2 0 1 2 0/1 9:39 0:00 0:00
Curtis Hamilton 0 0 0 -1 0 2 0 0 0 0 0/1 9:24 0:08 0:00
Dakota Mermis 0 0 0 -1 0 0 0 1 0 0 0/0 16:52 3:11 0:09
Damon Severson 0 0 0 0 0 4 0 1 0 0 0/0 20:38 3:32 0:32
Iven Barbashev 0 0 0 -1 0 3 2 1 0 1 0/2 9:16 0:00 0:00
Jim O'Brien 0 0 0 -1 0 4 2 0 0 1 2/7 11:35 0:03 1:53
Jonathan Drouin 0 0 0 -1 2 1 0 0 0 0 1/3 20:47 3:26 0:00
Josh Jooris 0 1 1 2 0 0 2 1 3 1 0/0 17:31 3:14 0:20
Kurtis Gabriel 0 0 0 -1 0 1 1 0 0 0 0/0 9:24 0:08 0:00
Max Gortz 1 0 1 -1 0 2 2 0 0 1 0/1 9:39 0:00 0:00
Scott Mayfield 0 0 0 0 2 1 3 2 0 2 0/0 22:51 0:58 0:09
Sean Monahan 0 1 1 -1 0 3 2 1 0 0 12/36 21:58 3:32 0:20
Stefan Matteau 0 2 2 2 2 4 0 0 0 1 10/14 17:10 3:14 0:00
Tom Wilson 0 0 0 -1 0 5 4 0 2 1 0/2 21:33 3:27 0:00
Players Stats for Sewer Rats
Player Name G A P +/- PIM S H SB GA TA FO MP PP MP PK MP
------------------------------------------------------------------------------------
Anthony Duclair 0 0 0 0 0 0 1 0 1 0 0/1 13:28 0:00 2:34
Connor Carrick 0 0 0 0 0 0 0 0 0 0 0/0 5:53 0:00 0:00
Daniel Carr 1 1 2 1 0 3 1 1 2 2 0/0 18:18 0:40 2:43
Dmitrij Jaskin 0 0 0 0 0 0 0 0 2 0 0/0 12:02 0:00 0:00
Erik Condra 1 0 1 1 0 5 1 1 1 0 0/2 16:38 0:40 0:38
Jared McCann 0 1 1 1 0 0 0 0 0 0 2/2 6:52 0:00 0:00
Jarred Tinordi 0 0 0 1 2 1 2 0 0 0 0/0 25:20 1:56 2:44
Joel Edmundson 0 0 0 0 2 1 0 1 0 1 0/0 18:06 0:16 2:18
John Ramage 0 0 0 0 0 0 0 0 0 0 0/0 10:11 0:00 1:18
Jonathan Marchessault 0 1 1 1 0 4 2 0 0 0 13/20 15:39 0:40 0:00
Jonathan Racine 0 0 0 0 0 0 0 0 0 0 0/0 0:21 0:00 0:00
Joseph Blandisi 1 0 1 1 0 1 1 0 0 0 0/0 8:41 0:00 0:48
Mark Mancari 3 1 4 0 0 8 4 0 1 2 3/6 27:34 1:33 2:53
Nick Cousins 0 0 0 0 0 1 0 0 0 1 1/2 10:45 0:00 0:07
Ryan Murphy 0 0 0 0 0 0 0 1 0 0 0/0 9:46 0:00 0:52
Stefan Elliott 0 1 1 0 0 0 0 0 0 1 0/0 18:54 0:17 2:44
Steven Kampfer 1 1 2 1 0 2 2 2 1 1 0/0 25:57 1:56 3:42
Tomas Tatar 0 2 2 -1 4 3 2 0 2 1 3/4 20:56 1:33 1:20
Vincent Trocheck 0 2 2 -1 0 1 3 1 1 1 20/30 20:46 1:33 2:35
Xavier Ouellet 0 0 0 0 0 0 1 0 0 0 0/0 5:53 0:00 0:00
3 Stars
1 - Mark Mancari (Tol)
2 - Andreas Martinsen (Ham)
3 - Steven Kampfer (Tol)
Power Play
Mustangs - 0 on 4 Attempt(s) - 0.00%
Sewer Rats - 3 on 4 Attempt(s) - 75.00%
Penalty Kill
Mustangs - 1 on 4 Attempt(s) - 25.00%
- Score 0 goal in Penalty Kill
Sewer Rats - 4 on 4 Attempt(s) - 100.00%
- Score 0 goal in Penalty Kill
Team Stat
Mustangs - Hits : 30 - Faceoff Wins : 25 - Blocked Shots : 13 - Penalty Minutes : 8
Sewer Rats - Hits : 20 - Faceoff Wins : 42 - Blocked Shots : 7 - Penalty Minutes : 8
Official
Referees : Unknown
Linesman : Unknown
Game Notes
Mark Mancari has scored a Hat Trick!
Anthony Stolarz enters game at 15:17 of 2nd period
Ben Harpur is injured at 14:05 of 3rd period (Left Leg)
Finance
Level 1 -- Attendance: 1697 (84.85%) -- Ticket Income $59,395
Level 2 -- Attendance: 896 (89.60%) -- Ticket Income $15,232
Total Attendance: 2593 (86.43%)
Total Ticket Income: $74,627
Other Income: $3,731
Total Income: $78,358
Mustangs
5 vs 5 Forward
Center Left Wing Right Wing Time % Phy DF OF
1 Sean Monahan Jonathan Drouin Tom Wilson 40 1 2 2
2 Stefan Matteau Andreas Martinsen Josh Jooris 30 1 2 2
3 Jim O'Brien Chrstian Dvorak Max Gortz 20 1 2 2
4 Iven Barbashev Curtis Hamilton Kurtis Gabriel 10 1 2 2
5 vs 5 Defense
Defense Defense Time % Phy DF OF
1 Alexei Marchenko Scott Mayfield 44 1 2 2
2 Ben Harpur Damon Severson 33 1 2 2
3 Andrew O'Brien Dakota Mermis 23 1 2 2
4 Alexei Marchenko Scott Mayfield 0 1 2 2
PowerPlay Forward
Center Left Wing Right Wing Time % Phy DF OF
1 Sean Monahan Jonathan Drouin Tom Wilson 60 1 2 2
2 Stefan Matteau Andreas Martinsen Josh Jooris 40 1 2 2
PowerPlay Defense
Defense Defense Time % Phy DF OF
1 Alexei Marchenko Damon Severson 60 1 2 2
2 Ben Harpur Dakota Mermis 40 1 2 2
Penalty Kill 4 Players Forward
Center Wing Time % Phy DF OF
1 Jim O'Brien Andreas Martinsen 60 1 2 2
2 Sean Monahan Josh Jooris 40 1 2 2
Penalty Kill 4 Players Defense
Defense Defense Time % Phy DF OF
1 Alexei Marchenko Ben Harpur 60 1 2 2
2 Dakota Mermis Andrew O'Brien 40 1 2 2
Penalty Kill - 3 Players Forward
Forward Time % Phy DF OF
1 Jim O'Brien 60 1 2 2
2 Josh Jooris 40 1 2 2
Penalty Kill - 3 Players Defense
Defense Defense Time % Phy DF OF
1 Alexei Marchenko Ben Harpur 60 1 2 2
2 Dakota Mermis Andrew O'Brien 40 1 2 2
4 vs 4 Forward
Center Wing Time % Phy DF OF
1 Sean Monahan Tom Wilson 60 1 2 2
2 Stefan Matteau Josh Jooris 40 1 2 2
4 vs 4 Defense
Defense Defense Time % Phy DF OF
1 Alexei Marchenko Scott Mayfield 60 1 2 2
2 Ben Harpur Damon Severson 40 1 2 2
Last Minutes Offensive
Center Left Wing Right Wing Defense Defense
Sean Monahan Jonathan Drouin Tom Wilson Alexei Marchenko Scott Mayfield
Last Minutes Defensive
Center Left Wing Right Wing Defense Defense
Jim O'Brien Andreas Martinsen Josh Jooris Alexei Marchenko Scott Mayfield
Goaltenders
Starting : Chet Pickard
Backup : Anthony Stolarz
Extra Forwards
Normal : Sean Monahan, Jim O'Brien, Stefan Matteau - PP : Josh Jooris, Tom Wilson - PK : Josh Jooris
Extra Defensemen
Normal : Alexei Marchenko, Ben Harpur, Dakota Mermis - PP : Alexei Marchenko - PK : Alexei Marchenko, Ben Harpur
Penalty Shots
Andreas Martinsen, Josh Jooris, Jim O'Brien, Sean Monahan, Tom Wilson
Scratches
Ryan Graves (Healthy), Melker Karlsson (Left Wrist Injury), Matthew Finn (Healthy), Danny Biega (Healthy), Raphael Bussieres (Healthy)
Sam Kurker (Healthy), Josh Ho-Sang (Healthy), Brett Pollock (Healthy), Steven Spinner (Healthy), Joacim Eriksson (Healthy)
Sewer Rats
5 vs 5 Forward
Center Left Wing Right Wing Time % Phy DF OF
1 Vincent Trocheck Tomas Tatar Mark Mancari 40 1 2 2
2 Jonathan Marchessault Daniel Carr Erik Condra 30 1 2 2
3 Nick Cousins Anthony Duclair Dmitrij Jaskin 20 1 2 2
4 Jared McCann Joseph Blandisi Mark Mancari 10 1 2 2
5 vs 5 Defense
Defense Defense Time % Phy DF OF
1 Jarred Tinordi Steven Kampfer 40 1 2 2
2 Stefan Elliott Joel Edmundson 30 1 2 2
3 John Ramage Ryan Murphy 20 1 2 2
4 Connor Carrick Xavier Ouellet 10 1 2 2
PowerPlay Forward
Center Left Wing Right Wing Time % Phy DF OF
1 Vincent Trocheck Tomas Tatar Mark Mancari 60 1 2 2
2 Jonathan Marchessault Daniel Carr Erik Condra 40 1 2 2
PowerPlay Defense
Defense Defense Time % Phy DF OF
1 Jarred Tinordi Steven Kampfer 60 1 2 2
2 Stefan Elliott Joel Edmundson 40 1 2 2
Penalty Kill 4 Players Forward
Center Wing Time % Phy DF OF
1 Mark Mancari Tomas Tatar 60 1 2 2
2 Vincent Trocheck Erik Condra 40 1 2 2
Penalty Kill 4 Players Defense
Defense Defense Time % Phy DF OF
1 Jarred Tinordi Steven Kampfer 60 1 2 2
2 Stefan Elliott Joel Edmundson 40 1 2 2
Penalty Kill - 3 Players Forward
Forward Time % Phy DF OF
1 Mark Mancari 60 1 2 2
2 Tomas Tatar 40 1 2 2
Penalty Kill - 3 Players Defense
Defense Defense Time % Phy DF OF
1 Jarred Tinordi Steven Kampfer 60 1 2 2
2 Stefan Elliott Joel Edmundson 40 1 2 2
4 vs 4 Forward
Center Wing Time % Phy DF OF
1 Mark Mancari Tomas Tatar 60 1 2 2
2 Vincent Trocheck Erik Condra 40 1 2 2
4 vs 4 Defense
Defense Defense Time % Phy DF OF
1 Jarred Tinordi Steven Kampfer 60 1 2 2
2 Stefan Elliott Joel Edmundson 40 1 2 2
Last Minutes Offensive
Center Left Wing Right Wing Defense Defense
Vincent Trocheck Tomas Tatar Mark Mancari Jarred Tinordi Steven Kampfer
Last Minutes Defensive
Center Left Wing Right Wing Defense Defense
Vincent Trocheck Tomas Tatar Mark Mancari Jarred Tinordi Steven Kampfer
Goaltenders
Starting : Marek Mazanek
Backup : Darcy Kuemper
Extra Forwards
Normal : Dmitrij Jaskin, Nick Cousins, Anthony Duclair - PP : Dmitrij Jaskin, Nick Cousins - PK : Anthony Duclair
Extra Defensemen
Normal : Jonathan Racine, John Ramage, Ryan Murphy - PP : Jonathan Racine - PK : John Ramage, Ryan Murphy
Penalty Shots
Mark Mancari, Tomas Tatar, Vincent Trocheck, Erik Condra, Jonathan Marchessault
Scratches
Dominik Kubalik (Healthy), Josh Archibald (Healthy), Tyler Motte (Healthy), Chris Calhan (Healthy), Mark Friedman (Healthy)
Michael Dal Colle (Healthy), Matteson Iacopelli (Healthy), Luke Witkowski (Healthy), Sergei Kostenko (Healthy), Antoine Bibeau (Healthy)
% Time on Ice - Mustangs
Lines # - Real PCT - Wanted PCT - Time Play
Normal Forward
1 - 35% - 40% - 17:22
2 - 27% - 30% - 13:34
3 - 19% - 20% - 9:39
4 - 19% - 10% - 9:16
Normal Defense
1 - 42% - 44% - 20:54
2 - 35% - 33% - 17:14
3 - 24% - 23% - 11:43
4 - 0% - 0% - 0:00
PP Forward
1 - 53% - 60% - 3:35
2 - 47% - 40% - 3:14
PP Defense
1 - 53% - 60% - 3:38
2 - 47% - 40% - 3:11
PK Forward
1 - 85% - 60% - 1:53
2 - 15% - 40% - 0:20
PK Defense
1 - 93% - 60% - 2:04
2 - 7% - 40% - 0:09
PK3 Forward
1 - 0% - 60%
2 - 0% - 40%
PK3 Defense
1 - 0% - 60%
2 - 0% - 40%
44 Forward
1 - 66% - 60% - 0:44
2 - 34% - 40% - 0:23
44 Defense
1 - 100% - 60% - 1:07
2 - 0% - 40% - 0:00
Last Minute Offensive - 0:00
Last Minute Defensive - 0:00
Total
Forward - 60:00
Defense - 60:00
|
% Time on Ice - Sewer Rats
Lines # - Real PCT - Wanted PCT - Time Play
Normal Forward
1 - 36% - 40% - 17:42
2 - 30% - 30% - 14:59
3 - 21% - 20% - 10:18
4 - 14% - 10% - 6:52
Normal Defense
1 - 39% - 40% - 19:39
2 - 31% - 30% - 15:32
3 - 18% - 20% - 8:47
4 - 12% - 10% - 5:53
PP Forward
1 - 70% - 60% - 1:33
2 - 30% - 40% - 0:40
PP Defense
1 - 87% - 60% - 1:56
2 - 13% - 40% - 0:17
PK Forward
1 - 91% - 60% - 6:11
2 - 9% - 40% - 0:38
PK Defense
1 - 60% - 60% - 4:05
2 - 40% - 40% - 2:44
PK3 Forward
1 - 0% - 60%
2 - 0% - 40%
PK3 Defense
1 - 0% - 60%
2 - 0% - 40%
44 Forward
1 - 69% - 60% - 0:46
2 - 31% - 40% - 0:21
44 Defense
1 - 69% - 60% - 0:46
2 - 31% - 40% - 0:21
Last Minute Offensive - 0:00
Last Minute Defensive - 0:00
Total
Forward - 60:00
Defense - 60:00
|
Play-by-Play
1st period
0:01 of 1st period - Sean Monahan wins face-off versus Mark Mancari in neutral zone.
0:11 of 1st period - Icing by Tomas Tatar.
0:12 of 1st period - Vincent Trocheck wins face-off versus Stefan Matteau in Sewer Rats zone.
0:36 of 1st period - Wrist shot by Mark Mancari.
0:36 of 1st period - Stopped by Chet Pickard without a rebound.
0:37 of 1st period - Jonathan Marchessault wins face-off versus Jim O'Brien in Mustangs zone.
0:44 of 1st period - Wrist shot by Jonathan Marchessault.
0:44 of 1st period - Deflect By Erik Condra.
0:44 of 1st period - Shot Blocked by Andrew O'Brien.
0:44 of 1st period - Puck is out of play.
0:45 of 1st period - Jonathan Marchessault wins face-off versus Sean Monahan in Mustangs zone.
0:52 of 1st period - Snap shot by Erik Condra.
0:52 of 1st period - Stopped by Chet Pickard without a rebound.
0:53 of 1st period - Nick Cousins wins face-off versus Sean Monahan in Mustangs zone.
1:08 of 1st period - Snap shot by Nick Cousins.
1:08 of 1st period - Deflect By Sean Monahan.
1:08 of 1st period - Shot Blocked by Alexei Marchenko.
1:08 of 1st period - Puck is out of play.
1:09 of 1st period - Jared McCann wins face-off versus Iven Barbashev in Mustangs zone.
1:24 of 1st period - Wrist shot by Joseph Blandisi.
1:24 of 1st period - Goal by Joseph Blandisi - Mustangs : 0 - Sewer Rats : 1.
1:25 of 1st period - Stefan Matteau wins face-off versus Erik Condra in neutral zone.
1:27 of 1st period - Minor Penalty to Andrew O'Brien for Tripping.
1:28 of 1st period - Jim O'Brien wins face-off versus Vincent Trocheck in Mustangs zone.
1:28 of 1st period - Jim O'Brien is hit by Jarred Tinordi.
1:59 of 1st period - Slapshot by Jonathan Marchessault.
1:59 of 1st period - Stopped by Chet Pickard with a rebound.
2:01 of 1st period - Wrist shot by Steven Kampfer.
2:01 of 1st period - Shot Misses the Net.
2:03 of 1st period - Snap shot by Daniel Carr.
2:03 of 1st period - Shot Misses the Net.
2:19 of 1st period - Minor Penalty to Joel Edmundson for Holding.
2:20 of 1st period - Mark Mancari wins face-off versus Sean Monahan in Sewer Rats zone.
2:42 of 1st period - Icing by Sean Monahan.
2:43 of 1st period - Sean Monahan wins face-off versus Mark Mancari in Mustangs zone.
3:10 of 1st period - Alexei Marchenko is hit by Vincent Trocheck and loses puck.
3:27 of 1st period - Penalty to Andrew O'Brien is over, Andrew O'Brien is back on ice.
3:39 of 1st period - Dakota Mermis is hit by Mark Mancari and loses puck.
3:46 of 1st period - Andreas Martinsen is hit by Mark Mancari and loses puck.
4:19 of 1st period - Penalty to Joel Edmundson is over, Joel Edmundson is back on ice.
4:19 of 1st period - Backhand shot by Daniel Carr.
4:19 of 1st period - Stopped by Chet Pickard without a rebound.
4:20 of 1st period - Jonathan Marchessault wins face-off versus Max Gortz in Mustangs zone.
4:21 of 1st period - Slapshot by Erik Condra.
4:21 of 1st period - Goal by Erik Condra - Mustangs : 0 - Sewer Rats : 2.
4:22 of 1st period - Stefan Matteau wins face-off versus Vincent Trocheck in neutral zone.
4:25 of 1st period - Tomas Tatar is hit by Alexei Marchenko and loses puck.
4:30 of 1st period - Snap shot by Andreas Martinsen.
4:30 of 1st period - Stopped by Marek Mazanek without a rebound.
4:31 of 1st period - Stefan Matteau wins face-off versus Vincent Trocheck in Sewer Rats zone.
5:10 of 1st period - Wrist shot by Andreas Martinsen.
5:10 of 1st period - Shot Misses the Net.
5:12 of 1st period - Wrist shot by Andreas Martinsen.
5:12 of 1st period - Stopped by Marek Mazanek with a rebound.
5:14 of 1st period - Slapshot by Alexei Marchenko.
5:14 of 1st period - Deflect By Steven Kampfer.
5:14 of 1st period - Stopped by Marek Mazanek with a rebound.
5:32 of 1st period - Wrist shot by Andreas Martinsen.
5:32 of 1st period - Shot Blocked by Steven Kampfer.
5:34 of 1st period - Snap shot by Stefan Matteau.
5:34 of 1st period - Shot Misses the Net.
5:44 of 1st period - Snap shot by Tomas Tatar.
5:44 of 1st period - Stopped by Chet Pickard with a rebound.
5:52 of 1st period - Tomas Tatar is hit by Andreas Martinsen and loses puck.
6:15 of 1st period - Snap shot by Andreas Martinsen.
6:15 of 1st period - Stopped by Marek Mazanek without a rebound.
6:16 of 1st period - Jonathan Marchessault wins face-off versus Sean Monahan in Sewer Rats zone.
6:27 of 1st period - Snap shot by Jonathan Marchessault.
6:27 of 1st period - Stopped by Chet Pickard without a rebound.
6:28 of 1st period - Jonathan Marchessault wins face-off versus Sean Monahan in Mustangs zone.
6:29 of 1st period - Wrist shot by Erik Condra.
6:29 of 1st period - Deflect By Sean Monahan.
6:29 of 1st period - Shot Misses the Net.
6:29 of 1st period - Puck is out of play.
6:30 of 1st period - Jonathan Marchessault wins face-off versus Sean Monahan in Mustangs zone.
6:39 of 1st period - Joel Edmundson is hit by Tom Wilson and loses puck.
7:00 of 1st period - Wrist shot by Jim O'Brien.
7:00 of 1st period - Shot Misses the Net.
7:08 of 1st period - Backhand shot by Jim O'Brien.
7:08 of 1st period - Shot Misses the Net.
7:18 of 1st period - Slapshot by Stefan Elliott.
7:18 of 1st period - Shot Blocked by Andrew O'Brien.
8:04 of 1st period - Jim O'Brien is hit by Xavier Ouellet and loses puck.
10:03 of 1st period - Daniel Carr is hit by Tom Wilson and loses puck.
10:20 of 1st period - Snap shot by Iven Barbashev.
10:20 of 1st period - Stopped by Marek Mazanek without a rebound.
10:21 of 1st period - Jared McCann wins face-off versus Curtis Hamilton in Sewer Rats zone.
10:48 of 1st period - Scott Mayfield is hit by Jonathan Marchessault and loses puck.
10:55 of 1st period - Erik Condra is hit by Iven Barbashev and loses puck.
11:36 of 1st period - Snap shot by Max Gortz.
11:36 of 1st period - Stopped by Marek Mazanek with a rebound.
11:38 of 1st period - Snap shot by Jim O'Brien.
11:38 of 1st period - Stopped by Marek Mazanek with a rebound.
12:08 of 1st period - Snap shot by Jonathan Marchessault.
12:08 of 1st period - Shot Blocked by Sean Monahan.
12:44 of 1st period - Snap shot by Daniel Carr.
12:44 of 1st period - Shot Misses the Net.
13:09 of 1st period - Slapshot by Sean Monahan.
13:09 of 1st period - Stopped by Marek Mazanek without a rebound.
13:10 of 1st period - Tomas Tatar wins face-off versus Sean Monahan in Sewer Rats zone.
13:17 of 1st period - Wrist shot by Mark Mancari.
13:17 of 1st period - Stopped by Chet Pickard without a rebound.
13:18 of 1st period - Sean Monahan wins face-off versus Jonathan Marchessault in Mustangs zone.
13:18 of 1st period - Sean Monahan is hit by Erik Condra.
13:28 of 1st period - Snap shot by Sean Monahan.
13:28 of 1st period - Shot Blocked by Ryan Murphy.
13:30 of 1st period - Snap shot by Sean Monahan.
13:30 of 1st period - Deflect By Daniel Carr.
13:30 of 1st period - Stopped by Marek Mazanek with a rebound.
13:32 of 1st period - Wrist shot by Tom Wilson.
13:32 of 1st period - Stopped by Marek Mazanek with a rebound.
13:34 of 1st period - Snap shot by Damon Severson.
13:34 of 1st period - Stopped by Marek Mazanek without a rebound.
13:35 of 1st period - Mark Mancari wins face-off versus Jim O'Brien in Sewer Rats zone.
13:44 of 1st period - Slapshot by Mark Mancari.
13:44 of 1st period - Shot Misses the Net.
13:46 of 1st period - Wrist shot by Vincent Trocheck.
13:46 of 1st period - Shot Blocked by Scott Mayfield.
13:48 of 1st period - Slapshot by Tomas Tatar.
13:48 of 1st period - Stopped by Chet Pickard without a rebound.
13:49 of 1st period - Sean Monahan wins face-off versus Jonathan Marchessault in Mustangs zone.
14:06 of 1st period - Icing by Tom Wilson.
14:07 of 1st period - Vincent Trocheck wins face-off versus Sean Monahan in Mustangs zone.
14:28 of 1st period - Snap shot by Jonathan Drouin.
14:28 of 1st period - Shot Misses the Net.
14:30 of 1st period - Snap shot by Sean Monahan.
14:30 of 1st period - Stopped by Marek Mazanek without a rebound.
14:31 of 1st period - Stefan Matteau wins face-off versus Jonathan Marchessault in Sewer Rats zone.
14:32 of 1st period - Wrist shot by Andreas Martinsen.
14:32 of 1st period - Shot Blocked by Erik Condra.
14:35 of 1st period - Icing by Ryan Murphy.
14:36 of 1st period - Stefan Matteau wins face-off versus Jonathan Marchessault in Sewer Rats zone.
14:43 of 1st period - Josh Jooris is hit by Jonathan Marchessault and loses puck.
14:49 of 1st period - Off-side.
14:50 of 1st period - Vincent Trocheck wins face-off versus Sean Monahan in neutral zone.
15:11 of 1st period - Tom Wilson is hit by Mark Mancari and loses puck.
15:26 of 1st period - Snap shot by Stefan Matteau.
15:26 of 1st period - Stopped by Marek Mazanek with a rebound.
15:28 of 1st period - Wrist shot by Stefan Matteau.
15:28 of 1st period - Stopped by Marek Mazanek with a rebound.
15:46 of 1st period - Snap shot by Max Gortz.
15:46 of 1st period - Shot Hit the Post.
15:48 of 1st period - Snap shot by Chrstian Dvorak.
15:48 of 1st period - Shot Misses the Net.
15:50 of 1st period - Wrist shot by Jim O'Brien.
15:50 of 1st period - Shot Misses the Net.
15:52 of 1st period - Slapshot by Damon Severson.
15:52 of 1st period - Stopped by Marek Mazanek with a rebound.
16:40 of 1st period - Alexei Marchenko is hit by Mark Mancari and loses puck.
16:45 of 1st period - Snap shot by Vincent Trocheck.
16:45 of 1st period - Shot Misses the Net.
16:57 of 1st period - Ryan Murphy is hit by Max Gortz and loses puck.
17:53 of 1st period - Wrist shot by Stefan Matteau.
17:53 of 1st period - Stopped by Marek Mazanek with a rebound.
19:02 of 1st period - Snap shot by Jim O'Brien.
19:02 of 1st period - Stopped by Marek Mazanek with a rebound.
19:04 of 1st period - Wrist shot by Chrstian Dvorak.
19:04 of 1st period - Stopped by Marek Mazanek with a rebound.
19:06 of 1st period - Wrist shot by Max Gortz.
19:06 of 1st period - Shot Misses the Net.
19:36 of 1st period - Jarred Tinordi is hit by Iven Barbashev and loses puck.
Goals for this period are 0 for Mustangs vs 2 for Sewer Rats.
Shots for this period are 18 for Mustangs vs 10 for Sewer Rats.
2nd period
0:01 of 2nd period - Vincent Trocheck wins face-off versus Tom Wilson in neutral zone.
0:25 of 2nd period - Icing by Andreas Martinsen.
0:26 of 2nd period - Stefan Matteau wins face-off versus Jonathan Marchessault in Mustangs zone.
1:44 of 2nd period - Snap shot by Jonathan Marchessault.
1:44 of 2nd period - Shot Misses the Net.
1:56 of 2nd period - Wrist shot by Mark Mancari.
1:56 of 2nd period - Goal by Mark Mancari - Mustangs : 0 - Sewer Rats : 3.
1:57 of 2nd period - Stefan Matteau wins face-off versus Vincent Trocheck in neutral zone.
2:29 of 2nd period - Slapshot by Nick Cousins.
2:29 of 2nd period - Stopped by Chet Pickard without a rebound.
2:30 of 2nd period - Jonathan Marchessault wins face-off versus Sean Monahan in Mustangs zone.
2:55 of 2nd period - Stefan Matteau is hit by Vincent Trocheck and loses puck.
3:02 of 2nd period - Slapshot by Mark Mancari.
3:02 of 2nd period - Stopped by Chet Pickard with a rebound.
3:22 of 2nd period - Wrist shot by Max Gortz.
3:22 of 2nd period - Shot Misses the Net.
3:44 of 2nd period - Snap shot by Jonathan Marchessault.
3:44 of 2nd period - Shot Blocked by Andrew O'Brien.
4:01 of 2nd period - Wrist shot by Iven Barbashev.
4:01 of 2nd period - Stopped by Marek Mazanek without a rebound.
4:02 of 2nd period - Vincent Trocheck wins face-off versus Jonathan Drouin in Sewer Rats zone.
4:06 of 2nd period - Off-side.
4:07 of 2nd period - Tomas Tatar wins face-off versus Sean Monahan in neutral zone.
4:34 of 2nd period - Snap shot by Jonathan Marchessault.
4:34 of 2nd period - Shot Blocked by Josh Jooris.
4:36 of 2nd period - Slapshot by John Ramage.
4:36 of 2nd period - Shot Misses the Net.
6:27 of 2nd period - Nick Cousins is hit by Alexei Marchenko and loses puck.
6:40 of 2nd period - Erik Condra is hit by Chrstian Dvorak and loses puck.
7:31 of 2nd period - Steven Kampfer is hit by Max Gortz and loses puck.
7:41 of 2nd period - Icing by Andrew O'Brien.
7:42 of 2nd period - Sean Monahan wins face-off versus Nick Cousins in Mustangs zone.
8:23 of 2nd period - Andreas Martinsen is hit by Daniel Carr and loses puck.
8:52 of 2nd period - Wrist shot by Nick Cousins.
8:52 of 2nd period - Shot Misses the Net.
9:00 of 2nd period - Dmitrij Jaskin is hit by Andreas Martinsen and loses puck.
9:05 of 2nd period - Wrist shot by Andreas Martinsen.
9:05 of 2nd period - Stopped by Marek Mazanek without a rebound.
9:06 of 2nd period - Sean Monahan wins face-off versus Jonathan Marchessault in Sewer Rats zone.
10:28 of 2nd period - Wrist shot by Mark Mancari.
10:28 of 2nd period - Stopped by Chet Pickard with a rebound.
10:30 of 2nd period - Backhand shot by Jarred Tinordi.
10:30 of 2nd period - Stopped by Chet Pickard without a rebound.
10:31 of 2nd period - Jonathan Marchessault wins face-off versus Sean Monahan in Mustangs zone.
10:32 of 2nd period - Wrist shot by Erik Condra.
10:32 of 2nd period - Shot Misses the Net.
10:34 of 2nd period - Wrist shot by Jonathan Marchessault.
10:34 of 2nd period - Stopped by Chet Pickard with a rebound.
10:46 of 2nd period - Snap shot by Erik Condra.
10:46 of 2nd period - Stopped by Chet Pickard without a rebound.
10:47 of 2nd period - Stefan Matteau wins face-off versus Vincent Trocheck in Mustangs zone.
10:59 of 2nd period - Icing by Mark Mancari.
11:00 of 2nd period - Tomas Tatar wins face-off versus Sean Monahan in Sewer Rats zone.
11:05 of 2nd period - Slapshot by Vincent Trocheck.
11:05 of 2nd period - Stopped by Chet Pickard with a rebound.
11:11 of 2nd period - Alexei Marchenko is hit by Tomas Tatar and loses puck.
11:30 of 2nd period - Snap shot by Erik Condra.
11:30 of 2nd period - Shot Blocked by Scott Mayfield.
11:32 of 2nd period - Slapshot by Erik Condra.
11:32 of 2nd period - Shot Blocked by Alexei Marchenko.
11:34 of 2nd period - Slapshot by Jarred Tinordi.
11:34 of 2nd period - Shot Misses the Net.
11:36 of 2nd period - Slapshot by Steven Kampfer.
11:36 of 2nd period - Stopped by Chet Pickard with a rebound.
13:07 of 2nd period - Minor Penalty to Stefan Matteau for High sticking.
13:08 of 2nd period - Vincent Trocheck wins face-off versus Jim O'Brien in Mustangs zone.
13:15 of 2nd period - Snap shot by Mark Mancari.
13:15 of 2nd period - Stopped by Chet Pickard with a rebound.
13:17 of 2nd period - Backhand shot by Mark Mancari.
13:17 of 2nd period - Goal by Mark Mancari - Mustangs : 0 - Sewer Rats : 4.
13:18 of 2nd period - Sean Monahan wins face-off versus Vincent Trocheck in neutral zone.
13:46 of 2nd period - Snap shot by Erik Condra.
13:46 of 2nd period - Stopped by Chet Pickard without a rebound.
13:47 of 2nd period - Jonathan Marchessault wins face-off versus Stefan Matteau in Mustangs zone.
13:56 of 2nd period - Stefan Elliott is hit by Andreas Martinsen and loses puck.
14:05 of 2nd period - Wrist shot by Josh Jooris.
14:05 of 2nd period - Shot Blocked by Daniel Carr.
14:07 of 2nd period - Slapshot by Andreas Martinsen.
14:07 of 2nd period - Goal by Andreas Martinsen - Mustangs : 1 - Sewer Rats : 4.
14:08 of 2nd period - Jonathan Drouin wins face-off versus Vincent Trocheck in neutral zone.
14:19 of 2nd period - Tom Wilson is hit by Steven Kampfer and loses puck.
14:34 of 2nd period - Anthony Duclair is hit by Alexei Marchenko and loses puck.
14:55 of 2nd period - Slapshot by Stefan Matteau.
14:55 of 2nd period - Stopped by Marek Mazanek with a rebound.
14:57 of 2nd period - Slapshot by Damon Severson.
14:57 of 2nd period - Stopped by Marek Mazanek without a rebound.
14:58 of 2nd period - Stefan Matteau wins face-off versus Vincent Trocheck in Sewer Rats zone.
15:01 of 2nd period - Snap shot by Andreas Martinsen.
15:01 of 2nd period - Goal by Andreas Martinsen - Mustangs : 2 - Sewer Rats : 4.
15:02 of 2nd period - Vincent Trocheck wins face-off versus Sean Monahan in neutral zone.
15:06 of 2nd period - Minor Penalty to Jonathan Drouin for Tripping.
15:07 of 2nd period - Vincent Trocheck wins face-off versus Jim O'Brien in Mustangs zone.
15:11 of 2nd period - Slapshot by Mark Mancari.
15:11 of 2nd period - Shot Blocked by Alexei Marchenko.
15:17 of 2nd period - Slapshot by Mark Mancari.
15:17 of 2nd period - Goal by Mark Mancari - Mustangs : 2 - Sewer Rats : 5.
15:17 of 2nd period - Anthony Stolarz enters game.
15:18 of 2nd period - Vincent Trocheck wins face-off versus Sean Monahan in neutral zone.
15:30 of 2nd period - Snap shot by Tom Wilson.
15:30 of 2nd period - Stopped by Marek Mazanek without a rebound.
15:31 of 2nd period - Sean Monahan wins face-off versus Vincent Trocheck in Sewer Rats zone.
15:32 of 2nd period - Snap shot by Tom Wilson.
15:32 of 2nd period - Stopped by Marek Mazanek with a rebound.
15:34 of 2nd period - Wrist shot by Sean Monahan.
15:34 of 2nd period - Shot Blocked by Joel Edmundson.
15:36 of 2nd period - Wrist shot by Tom Wilson.
15:36 of 2nd period - Shot Misses the Net.
15:38 of 2nd period - Slapshot by Scott Mayfield.
15:38 of 2nd period - Stopped by Marek Mazanek without a rebound.
15:39 of 2nd period - Vincent Trocheck wins face-off versus Sean Monahan in Sewer Rats zone.
17:22 of 2nd period - Icing by Tomas Tatar.
17:23 of 2nd period - Vincent Trocheck wins face-off versus Chrstian Dvorak in Sewer Rats zone.
17:23 of 2nd period - Vincent Trocheck is hit by Chrstian Dvorak.
17:35 of 2nd period - Snap shot by Jim O'Brien.
17:35 of 2nd period - Stopped by Marek Mazanek with a rebound.
17:54 of 2nd period - Slapshot by Stefan Elliott.
17:54 of 2nd period - Shot Misses the Net.
17:56 of 2nd period - Slapshot by Joel Edmundson.
17:56 of 2nd period - Stopped by Anthony Stolarz with a rebound.
18:36 of 2nd period - Ben Harpur is hit by Joseph Blandisi.
18:51 of 2nd period - Snap shot by Max Gortz.
18:51 of 2nd period - Goal by Max Gortz - Mustangs : 3 - Sewer Rats : 5.
18:52 of 2nd period - Jonathan Marchessault wins face-off versus Sean Monahan in neutral zone.
19:01 of 2nd period - Snap shot by Daniel Carr.
19:01 of 2nd period - Goal by Daniel Carr - Mustangs : 3 - Sewer Rats : 6.
19:02 of 2nd period - Vincent Trocheck wins face-off versus Sean Monahan in neutral zone.
19:09 of 2nd period - Backhand shot by Jonathan Drouin.
19:09 of 2nd period - Shot Blocked by Steven Kampfer.
19:11 of 2nd period - Snap shot by Tom Wilson.
19:11 of 2nd period - Stopped by Marek Mazanek without a rebound.
19:12 of 2nd period - Vincent Trocheck wins face-off versus Jonathan Drouin in Sewer Rats zone.
19:12 of 2nd period - Vincent Trocheck is hit by Alexei Marchenko.
19:41 of 2nd period - Vincent Trocheck is hit by Scott Mayfield and loses puck.
19:50 of 2nd period - Slapshot by Tom Wilson.
19:50 of 2nd period - Stopped by Marek Mazanek without a rebound.
19:51 of 2nd period - Jonathan Marchessault wins face-off versus Stefan Matteau in Sewer Rats zone.
Goals for this period are 3 for Mustangs vs 4 for Sewer Rats.
Shots for this period are 13 for Mustangs vs 15 for Sewer Rats.
3rd period
0:01 of 3rd period - Vincent Trocheck wins face-off versus Sean Monahan in neutral zone.
0:38 of 3rd period - Snap shot by Stefan Matteau.
0:38 of 3rd period - Shot Misses the Net.
1:55 of 3rd period - Minor Penalty to Jarred Tinordi for Tripping.
1:56 of 3rd period - Mark Mancari wins face-off versus Sean Monahan in Sewer Rats zone.
2:14 of 3rd period - John Ramage is hit by Alexei Marchenko and loses puck.
2:49 of 3rd period - Tom Wilson is hit by Steven Kampfer and loses puck.
3:55 of 3rd period - Penalty to Jarred Tinordi is over, Jarred Tinordi is back on ice.
4:42 of 3rd period - Joseph Blandisi is hit by Scott Mayfield and loses puck.
4:53 of 3rd period - Slapshot by Joel Edmundson.
4:53 of 3rd period - Shot Blocked by Dakota Mermis.
4:55 of 3rd period - Slapshot by Jonathan Marchessault.
4:55 of 3rd period - Stopped by Anthony Stolarz without a rebound.
4:56 of 3rd period - Sean Monahan wins face-off versus Jonathan Marchessault in Mustangs zone.
6:17 of 3rd period - Snap shot by Andreas Martinsen.
6:17 of 3rd period - Shot Blocked by Vincent Trocheck.
7:27 of 3rd period - Slapshot by Curtis Hamilton.
7:27 of 3rd period - Stopped by Marek Mazanek without a rebound.
7:28 of 3rd period - Jonathan Marchessault wins face-off versus Sean Monahan in Sewer Rats zone.
7:55 of 3rd period - Nick Cousins is hit by Josh Jooris.
8:23 of 3rd period - Tomas Tatar is hit by Jim O'Brien and loses puck.
8:38 of 3rd period - Wrist shot by Erik Condra.
8:38 of 3rd period - Stopped by Anthony Stolarz without a rebound.
8:39 of 3rd period - Jonathan Marchessault wins face-off versus Iven Barbashev in Mustangs zone.
8:46 of 3rd period - Snap shot by Daniel Carr.
8:46 of 3rd period - Stopped by Anthony Stolarz without a rebound.
8:47 of 3rd period - Vincent Trocheck wins face-off versus Sean Monahan in Mustangs zone.
8:57 of 3rd period - Minor Penalty to Tomas Tatar for High sticking.
8:58 of 3rd period - Sean Monahan wins face-off versus Mark Mancari in Sewer Rats zone.
10:22 of 3rd period - Slapshot by Steven Kampfer.
10:22 of 3rd period - Shot Blocked by Damon Severson.
10:35 of 3rd period - Icing by Jonathan Drouin.
10:36 of 3rd period - Vincent Trocheck wins face-off versus Sean Monahan in Mustangs zone.
10:57 of 3rd period - Penalty to Tomas Tatar is over, Tomas Tatar is back on ice.
11:01 of 3rd period - Anthony Duclair is hit by Ben Harpur.
11:45 of 3rd period - Nick Cousins is hit by Josh Jooris and loses puck.
12:04 of 3rd period - Snap shot by Joseph Blandisi.
12:04 of 3rd period - Shot Misses the Net.
12:37 of 3rd period - Ben Harpur is hit by Anthony Duclair and loses puck.
12:48 of 3rd period - Erik Condra is hit by Kurtis Gabriel and loses puck.
12:57 of 3rd period - Wrist shot by Curtis Hamilton.
12:57 of 3rd period - Stopped by Marek Mazanek without a rebound.
12:58 of 3rd period - Vincent Trocheck wins face-off versus Stefan Matteau in Sewer Rats zone.
13:11 of 3rd period - Tomas Tatar is hit by Andreas Martinsen and loses puck.
13:30 of 3rd period - Nick Cousins is hit by Sean Monahan.
13:37 of 3rd period - Minor Penalty to Scott Mayfield for Holding.
13:38 of 3rd period - Jim O'Brien wins face-off versus Tomas Tatar in Mustangs zone.
13:38 of 3rd period - Jim O'Brien is hit by Tomas Tatar.
13:51 of 3rd period - Steven Kampfer is hit by Jim O'Brien and loses puck.
14:04 of 3rd period - Ben Harpur is hit by Jarred Tinordi and loses puck.
14:05 of 3rd period - Ben Harpur from Mustangs is injured at 14:05 of 3rd period (Left Leg).
14:06 of 3rd period - Vincent Trocheck wins face-off versus Jim O'Brien in Mustangs zone.
14:37 of 3rd period - Slapshot by Steven Kampfer.
14:37 of 3rd period - Goal by Steven Kampfer - Mustangs : 3 - Sewer Rats : 7.
14:38 of 3rd period - Vincent Trocheck wins face-off versus Tom Wilson in neutral zone.
15:03 of 3rd period - Steven Kampfer is hit by Scott Mayfield and loses puck.
15:26 of 3rd period - Slapshot by Jim O'Brien.
15:26 of 3rd period - Stopped by Marek Mazanek with a rebound.
15:28 of 3rd period - Snap shot by Jim O'Brien.
15:28 of 3rd period - Shot Misses the Net.
15:30 of 3rd period - Backhand shot by Damon Severson.
15:30 of 3rd period - Stopped by Marek Mazanek with a rebound.
15:46 of 3rd period - Slapshot by Jonathan Drouin.
15:46 of 3rd period - Stopped by Marek Mazanek without a rebound.
15:47 of 3rd period - Sean Monahan wins face-off versus Vincent Trocheck in Sewer Rats zone.
15:56 of 3rd period - Stefan Elliott is hit by Tom Wilson and loses puck.
16:13 of 3rd period - Damon Severson is hit by Vincent Trocheck and loses puck.
16:18 of 3rd period - Snap shot by Tomas Tatar.
16:18 of 3rd period - Stopped by Anthony Stolarz with a rebound.
16:26 of 3rd period - Jarred Tinordi is hit by Sean Monahan and loses puck.
16:36 of 3rd period - Minor Penalty to Tomas Tatar for Hooking.
16:37 of 3rd period - Stefan Matteau wins face-off versus Anthony Duclair in Sewer Rats zone.
17:09 of 3rd period - Icing by Alexei Marchenko.
17:10 of 3rd period - Vincent Trocheck wins face-off versus Sean Monahan in Mustangs zone.
17:15 of 3rd period - Daniel Carr is hit by Tom Wilson and loses puck.
18:36 of 3rd period - Penalty to Tomas Tatar is over, Tomas Tatar is back on ice.
19:06 of 3rd period - Snap shot by Tomas Tatar.
19:06 of 3rd period - Shot Blocked by Iven Barbashev.
19:34 of 3rd period - Snap shot by Iven Barbashev.
19:34 of 3rd period - Stopped by Marek Mazanek with a rebound.
19:36 of 3rd period - Wrist shot by Kurtis Gabriel.
19:36 of 3rd period - Stopped by Marek Mazanek without a rebound.
19:37 of 3rd period - Sean Monahan wins face-off versus Erik Condra in Sewer Rats zone.
Goals for this period are 0 for Mustangs vs 1 for Sewer Rats.
Shots for this period are 7 for Mustangs vs 5 for Sewer Rats.
Back to the Top